 Dungeon Sprint DCSS version 0.18-a0-1405-g73f4075 (webtiles) character file.

435 emikaela the Thrower (level 7, -1/121 HPs)
             Began as an Ogre Hunter on Feb 24, 2016.
             Was an Initiate of Trog.
             Slain by Sonja
             ... wielding a +0 dagger of draining
              (2 damage)
             ... in the Dungeon (Sprint I: "Red Sonja").
             The game lasted 00:05:13 (452 turns).

emikaela the Thrower (Ogre Hunter)                   Turns: 452, Time: 00:05:13

Health: -1/121     AC:  3    Str: 23    XL:     7   Next: 0%
Magic:  7/7        EV:  9    Int: 10    God:    Trog [......]
Gold:   193        SH:  0    Dex: 12    Spells: 0 memorised, 6 levels left

rFire  . . .     SeeInvis .     m - -1 giant club (curse)
rCold  . . .     Gourm    .     b - +0 robe
rNeg   . . .     Faith    .     (shield currently unavailable)
rPois  .         Spirit   .     (helmet restricted)
rElec  .         Dismiss  .     (no cloak)
rCorr  .         Reflect  .     (gloves unavailable)
SustAt .         Harm     .     (boots unavailable)
MR     .....     NoTele   +     (no amulet)
Stlth  ..........               (no ring)
                                (no ring)

@: berserking, very heavily drained, very quick, not resistant to hostile
enchantments, extremely unstealthy
A: unfitting armour, tough skin 1
a: Burn Spellbooks, Renounce Religion


You were in the Dungeon.
You worshipped Trog.
Trog was noncommittal.
You were not hungry.

You visited 1 branch You collected 297 gold pieces.
You spent 104 gold pieces at shops.

Inventory:

Hand Weapons
 m - a cursed -1 giant club (weapon)
Missiles
 a - 26 arrows
 o - 21 bolts
Armour
 b - a +0 robe (worn)
Scrolls
 k - a scroll of blinking
 l - a scroll of remove curse
Potions
 c - a potion of mutation
 e - a potion of curing
 g - a potion of heal wounds
 h - a potion of haste
 i - 2 potions of magic
Comestibles
 f - a bread ration


   Skills:
 + Level 8.5(0.0) Fighting
 + Level 9.4(0.0) Maces & Flails
 * Level 9.7(0.0) Throwing
 + Level 5.9(0.0) Dodging
 - Level 0.7(0.0) Stealth


You had 6 spell levels left.
You didn't know any spells.

Dungeon Overview and Level Annotations

Branches:
Dungeon (1/1)

Altars:
Elyvilon
Gozag
Kikubaaqudgha
Makhleb
Nemelex Xobeh
Okawaru
Pakellas
Qazlal
Ru
Sif Muna
Trog
Vehumet
Xom
Yredelemnul
Zin
The Shining One

Shops:
D ?

Annotations:
D Sonja


Innate Abilities, Weirdness & Mutations

You are too large for most types of armour.
You have tough skin (AC +1).


Message History

You feel drained.
* * * LOW HITPOINT WARNING * * *
You completely miss Sonja. Sonja barely misses you.
Sonja hits you with an uncursed dagger of draining.
* * * LOW HITPOINT WARNING * * *
You feel drained. Sonja barely misses you.
You miss Sonja. Sonja barely misses you.
Sonja hits you with an uncursed dagger of draining.
* * * LOW HITPOINT WARNING * * *
You feel drained.
Sonja hits you with an uncursed dagger of draining.
* * * LOW HITPOINT WARNING * * *
You feel drained.
* * * LOW HITPOINT WARNING * * *
Sonja hits you with an uncursed dagger of draining.
* * * LOW HITPOINT WARNING * * *
You feel drained.
* * * LOW HITPOINT WARNING * * *
Sonja hits you with an uncursed dagger of draining.
You die...

################
#<.#..'..#..'..#
#..'..#..').#..+
#..#####'#####'#
#..####..#(..#.#
#..#__####..##.#
#..#_.___##'#..+
#⌠⌠#_.∩...'..._#
####_..._##@(#+#
#_____###K#
####### .# .$
.(# .## +#


You could see Sonja.

Vanquished Creatures
  Sigmund (D)
  A yak (D)
  An ogre (D)
  A jelly (D)
  Ijyb (D)
5 creatures vanquished.

Notes
Turn   | Place    | Note
--------------------------------------------------------------
     0 | D        | emikaela the Ogre Hunter began the quest for the Orb.
     0 | D        | Reached XP level 1. HP: 22/22 MP: 1/1
     1 | D        | Noticed Ijyb
     3 | D        | Killed Ijyb
     3 | D        | Reached skill level 5 in Throwing
     3 | D        | Reached XP level 2. HP: 27/33 MP: 2/2
     3 | D        | Reached XP level 3. HP: 32/40 MP: 3/3
    64 | D        | Noticed an ogre
    67 | D        | Killed an ogre
    67 | D        | Reached skill level 5 in Fighting
    67 | D        | Reached skill level 5 in Maces & Flails
    67 | D        | Reached XP level 4. HP: 29/52 MP: 4/4
   201 | D        | Noticed Sigmund
   213 | D        | Killed Sigmund
   213 | D        | Reached skill level 5 in Dodging
   213 | D        | Reached XP level 5. HP: 48/62 MP: 5/5
   213 | D        | Reached XP level 6. HP: 54/71 MP: 6/6
   306 | D        | Found a deep blue altar of Sif Muna.
   308 | D        | Found a radiant altar of Vehumet.
   334 | D        | Found Biliokuc's Magic Scroll Emporium.
   334 | D        | Found a white marble altar of Elyvilon.
   334 | D        | Found a stormy altar of Qazlal.
   334 | D        | Found a basalt altar of Yredelemnul.
   334 | D        | Found an iron altar of Okawaru.
   334 | D        | Found a sparkling altar of Nemelex Xobeh.
   334 | D        | Found a shimmering altar of Xom.
   334 | D        | Found an ancient bone altar of Kikubaaqudgha.
   334 | D        | Noticed a yak
   339 | D        | Killed a yak
   339 | D        | Reached XP level 7. HP: 77/81 MP: 7/7
   340 | D        | Found a burning altar of Makhleb.
   340 | D        | Found a sacrificial altar of Ru.
   340 | D        | Found an oddly glowing altar of Pakellas.
   340 | D        | Found a glowing golden altar of the Shining One.
   340 | D        | Found an opulent altar of Gozag.
   340 | D        | Found a glowing silver altar of Zin.
   342 | D        | Found a bloodstained altar of Trog.
   361 | D        | Bought a scroll of remove curse for 39 gold pieces
   361 | D        | Bought a scroll of identify for 26 gold pieces
   364 | D        | Bought a scroll of remove curse for 39 gold pieces
   430 | D        | Became a worshipper of Trog the Wrathful
   435 | D        | Noticed Sonja
   452 | D        | HP: 3/121 [Sonja/uncursed dagger of draining (4)]
   452 | D        | HP: 1/121 [Sonja/uncursed dagger of draining (2)]
   452 | D        | Slain by Sonja

Vault maps used:
D:        dungeon_sprint_1

Skill      XL: |  1  2  3  4  5  6 |
---------------+-------------------+-----
Fighting       | 4 5 7 8 |  8.5
Throwing       | 5 7 8 9 |  9.7
Dodging        | 3 4 5 |  5.9
Maces & Flails | 5 8 9 |  9.4
Stealth        | |  0.7

Action                   |  1- 3 |  4- 6 |  7- 9 || total
-------------------------+-------+-------+-------++-------
Melee: Club              |       |     5 |       ||     5
       Giant club        |       |       |    10 ||    10
Throw: Large rock        |     5 |    11 |     5 ||    21
       Throwing net      |       |     1 |     1 ||     2
  Use: Scroll            |       |       |     2 ||     2
       Potion            |       |       |     1 ||     1
